 Dungeon Crawl Stone Soup version 0.26-a0-1079-g3a4175ecf3 (webtiles) character file.

Game seed: 3352513908068818980

121 ANON1729 the Caller (level 4, -4/30 HPs)
             Began as a Vampire Summoner on Dec 14, 2020.
             Slain by an orc
             ... wielding a +0 whip
              (7 damage)
             ... on level 3 of the Dungeon.
             The game lasted 00:06:40 (2796 turns).

ANON1729 the Caller (Vampire Summoner)              Turns: 2796, Time: 00:06:40

Health: -4/30      AC:  3    Str:  7    XL:     4   Next: 76%
Magic:  6/8        EV: 13    Int: 18    God:
Gold:   171        SH:  0    Dex: 14    Spells: 5/8 levels left

rFire    . . .     SeeInvis +   c - +0 dagger
rCold    . . .     Faith    .   (no shield)
rNeg     . . .     Spirit   .   a - +0 robe
rPois    .         Reflect  .   (no helmet)
rElec    .         Harm     .   (no cloak)
rCorr    +         Rampage  .   g - +0 pair of gloves
Will     .....                  (no boots)
Stlth    +++.......             (no amulet)
HPRegen  0.30/turn              d - ring of resist corrosion
MPRegen  0.11/turn              (no ring)

@: lethally poisoned (-4 -> -5), regenerating quickly
A: fangs 3, see invisible, unbreathing
a: Exsanguinate


You were on level 3 of the Dungeon.
You visited 1 branch of the dungeon, and saw 3 of its levels.

You collected 171 gold pieces.

Inventory:

Hand Weapons
 c - a +0 dagger (weapon)
Missiles
 l - a throwing net
 p - 10 poisoned darts (quivered)
 r - 7 atropa-tipped darts
Armour
 a - a +0 robe (worn)
 g - a +0 pair of gloves (worn)
Jewellery
 d - a ring of resist corrosion (left hand)
 m - an uncursed ring of flight {unknown}
Wands
 n - a wand of acid (7)
Scrolls
 e - 3 scrolls of identify
 h - 2 scrolls of magic mapping
 j - 2 scrolls of teleportation {unknown}
 o - 2 scrolls of remove curse
 q - a scroll of immolation {unknown}
Potions
 b - a potion of haste {unknown}
 f - a potion of degeneration {unknown}
 i - 2 potions of curing {unknown}
 k - a potion of attraction {unknown}


   Skills:
 + Level 3.3 Dodging
 - Level 4.0 Stealth
 + Level 2.8 Spellcasting
 * Level 4.9 Summonings


You had 5 spell levels left.
You knew the following spells:

 Your Spells              Type           Power        Failure   Level
a - Summon Small Mammal   Summ           ###.         2%          1
b - Call Imp              Summ           ###.....     3%          2

Your spell library contained the following spells:

 Spells                   Type           Power        Failure   Level
 Call Canine Familiar     Summ           ###.....     7%          3
 Summon Guardian Golem    Hex/Summ       ##......     19%         3
 Summon Ice Beast         Ice/Summ       ##......     52%         4
 Summon Lightning Spire   Summ/Air       ##......     52%         4


Dungeon Overview and Level Annotations

Branches:
Dungeon (3/15)

Altars:
Makhleb


Innate Abilities, Weirdness & Mutations

Your natural rate of healing is unusually fast.
You have razor-sharp teeth.
You have supernaturally acute eyesight. (SInv)
You can survive without breathing.


Message History

The orc hits your iron imp but does no damage.
Your iron imp hits the orc.
You feel sick. The orc barely misses your iron imp.
Your iron imp closely misses the orc.
The orc hits your iron imp but does no damage.
You feel sick. The orc barely misses your iron imp.
Your iron imp hits the orc!
The orc dies!
You feel sick. The orc hits your iron imp.
Your iron imp hits the orc!
The orc dies!
Your crimson imp blinks!
You feel sick. The orc barely misses your iron imp.
The orc barely misses your iron imp.
You feel sick.
Your iron imp disappears in a puff of smoke!
The orc hits you but does no damage.
You feel sick. The orc hits you with a +0 whip.
* * * LOW HITPOINT WARNING * * *
Your crimson imp hits the orc.
You swap places.
The orc hits you with a +0 whip!
You die...

.........# #.#
.........#
#.#####
.#..##).##
#.....#
....(5†.#
###.###
#######.# #>#
#.# #.# #.# #.#
#.###########.#
#.#.......@5#)#
#.#.#######o#.#
#.#.# #[#.#
#.#.# #.#.#
#5#.# #.#.#
#.#.# #.#.#
#(#5# #.#.#
#.#.# #.# #...#
#.#


You could see an orc and a friendly crimson imp (summoned).

Vanquished Creatures
  A worker ant (D:3)
  A gnoll (D:2)
  2 worms (D:2)
  An orc (D:3)
  A giant cockroach (D:3)
  3 goblins
  2 hobgoblins
  2 jackals (D:3)
  A ball python (D:2)
  5 bats
  5 frilled lizards
  3 kobolds
  12 rats
39 creatures vanquished.

Vanquished Creatures (collateral kills)
  2 gnolls (D:2)
  4 adders
  3 worms (D:2)
  3 orcs (D:3)
  A goblin (D:1)
  A hobgoblin (D:1)
  2 jackals (D:3)
  2 kobolds
  A quokka (D:3)
  A bat (D:2)
  A frilled lizard (D:1)
21 creatures vanquished.

Grand Total: 60 creatures vanquished

Notes
Turn   | Place    | Note
-------+----------+-------------------------------------------
     0 | D:1      | ANON1729 the Vampire Summoner began the quest for the Orb.
     0 | D:1      | Reached XP level 1. HP: 13/13 MP: 3/3
   299 | D:1      | Reached XP level 2. HP: 18/19 MP: 5/5
   828 | D:1      | Learned a level 2 spell: Call Imp
  1312 | D:2      | Reached XP level 3. HP: 15/24 MP: 2/6
  1959 | D:3      | Found a burning altar of Makhleb.
  1982 | D:3      | Reached XP level 4. HP: 7/30 MP: 4/7
  2796 | D:3      | Slain by an orc

Illustrated notes

Levels and vault maps discovered:
D:1:      saegor_arrival_miasma, layout_basic
D:2:      layout_rooms, minivault_23, minmay_misc_feat_five
D:3:      layout_basic, lemuel_crystal_altar

Skill      XL: |  1  2  3 |
---------------+----------+-----
Stealth        | 4 |  4.0
Dodging        | 3 |  3.3
Spellcasting   | |  2.8
Summonings     | |  4.9

Action                   |  1- 3 |  4- 6 || total
-------------------------+-------+-------++-------
Melee: Hand axe          |    88 |       ||    88
       Unarmed           |    10 |       ||    10
       Bite              |    10 |     6 ||    16
       Dagger            |    87 |    63 ||   150
Throw: Dart              |       |     5 ||     5
 Cast: Summon Small Mamm |     4 |     2 ||     6
       Call Imp          |    12 |     6 ||    18
  Use: Scroll            |     3 |       ||     3
 Stab: Sleeping          |    11 |     2 ||    13
Armor: Robe              |    46 |    16 ||    62
Dodge: Dodged            |   147 |    61 ||   208

Table legend: (Time is in decaauts)
 A = Elapsed time spent in this place.
 B = Non-inter-level travel time spent in this place.
 C = Inter-level travel time spent in this place.
 D = Time resting spent in this place.
 E = Time spent auto-exploring this place.
 F = Levels seen in this place.
 G = Mean time per level.
                   A        B        C        D        E       F      G
               +--------+--------+--------+--------+--------+-----+--------+
         Total |   2822 |   2616 |    206 |    289 |   1642 |   3 |  940.7 |
       Dungeon |   2822 |   2616 |    206 |    289 |   1642 |   3 |  940.7 |
               +--------+--------+--------+--------+--------+-----+--------+

Top non-repeatable levels by time:
     D:2: 1030 daAuts
     D:1: 1025 daAuts
     D:3: 767 daAuts
